cohdb
Replays
Latest Replays
All Replays
Popular Replays
Top Player Replays
Match Explorer
How It Works
Community
CoH3 Stats
Reddit
Sign in to upload your games and track your stats! →
Sign in with Steam
Match 45707164
Unlisted
Match 45707164
Overview
Messages
Build Orders
End
Construct Barracks
1⁄4-ton 4x4 Truck
Riflemen Squad
Riflemen Squad
Riflemen Squad
Mechanized Support Center
Construct Motor Pool
Selects Armored Battlegroup
Selects Fast Deploy
Selects Veteran Crews
Engineer Squad
M8 Greyhound Armored Car
Construct Medical Station
Designate Forward Repair Station
M1 Anti-tank Gun Team
CeleStial_
Exf
Gravey
Tharrats
Geoffrey Bisol
moemoe
Atrol
Mr.Wu
0
0
Comments
sign in to comment!
No comments posted yet!